 Dungeon Crawl Stone Soup version 0.30-a0-439-g9e77e4d916 (webtiles) character file.

Game seed: 7752610107586307602

1970481 freelancePsychic the Metallomancer (level 27, 232/274 HPs)
             Began as an Ogre Reaver on Dec 8, 2022.
             Was the Champion of Vehumet.
             Escaped with the Orb
             ... and 4 runes on Dec 10, 2022!
             The game lasted 03:01:09 (93780 turns).

freelancePsychic the Metallomancer (Ogre Reaver)   Turns: 93780, Time: 03:01:10

Health: 232/274    AC: 11    Str: 17 (18) XL:     27
Magic:  36/47      EV: 23    Int: 34      God:    Vehumet [******]
Gold:   3703       SH: 21    Dex: 22      Spells: 15/66 levels left

rFire   + + +      SeeInvis .    X - staff of earth
rCold   + . .      Faith    .    v - +4 kite shield {AC+3}
rNeg    + + +      Spirit   .    p - +2 robe {rF+}
rPois   .          Reflect  +    g - +2 hat "Xutyhy" {Rampage *Corrode Drain Dex+9}
rElec   +          Harm     .    i - +0 cloak of Darkness {Will+ Int+4}
rCorr   .          Rampage  +    (gloves unavailable)
Will    +++..      Rage     3%   (boots unavailable)
Stlth   +.........               V - amulet of Wicuonn {Reflect rElec rC+ SH+5}
HPRegen 0.65/turn                A - ring of Nydghat {Fly Will+ Dex+6 Stlth+}
MPRegen 0.30/turn                n - ring of Aghadit {rElec rF+++ rN+++ Will- Str-4 Int+6}

@: flying, studying Invocations
A: large, unfitting armour, tough skin 1, horns 1, berserk 1, deterioration 1,
frail 1, screaming 1, weak 1, heat vulnerability 1, inability to drink after
injury 2
0: Orb of Zot
}: 4/15 runes: decaying, serpentine, slimy, silver
a: Renounce Religion


You escaped.
You worshipped Vehumet.
Vehumet was exalted by your worship.
You visited 12 branches of the dungeon, and saw 54 of its levels.
You visited the Abyss 4 times.
You also visited: Bailey and Ice Cave.

You collected 9242 gold pieces.
You spent 5539 gold pieces at shops.

Inventory:

Missiles
 m - 11 throwing nets
Armour
 g - the +2 hat "Xutyhy" (worn) {Rampage *Corrode Drain Dex+9}
   (You acquired it on level 2 of the Realm of Zot)

   Dex:       It affects your dexterity (+9).
   *Corrode:  It may corrode you when you take damage.
   Drain:     It drains your maximum health when unequipped.
   Rampage:   It bestows one free step when moving towards enemies.
 i - the +0 cloak of Darkness (worn) {Will+ Int+4}
   (You acquired it on level 5 of the Pits of Slime)

   Int:       It affects your intelligence (+4).
   Will:      It increases your willpower.
 p - a +2 robe of fire resistance (worn)
 v - a +4 kite shield of protection (worn)
 z - +0 gold dragon scales
Magical Staves
 X - a staff of earth (weapon)
Jewellery
 n - the ring of Aghadit (right hand) {rElec rF+++ rN+++ Will- Str-4 Int+6}
   (You took it off a deep elf demonologist on level 3 of the Elven Halls)

   [ring of intelligence]

   Str:       It affects your strength (-4).
   Int:       It affects your intelligence (+6).
   rF:        It renders you almost immune to fire.
   rElec:     It insulates you from electricity.
   rN:        It renders you almost immune to negative energy.
   Will:      It decreases your willpower.
 A - the ring of Nydghat (left hand) {Fly Will+ Dex+6 Stlth+}
   (You found it on level 5 of the Vaults)

   [ring of dexterity]

   Dex:       It affects your dexterity (+6).
   Fly:       It grants you flight.
   Will:      It increases your willpower.
   Stlth:     It makes you more stealthy.
 I - a ring of protection from cold
 U - a ring of protection from cold
 V - the amulet of Wicuonn (around neck) {Reflect rElec rC+ SH+5}
   (You bought it in a shop on level 4 of the Snake Pit)

   [amulet of reflection]

   It reflects blocked missile attacks.
   rC:        It protects you from cold.
   rElec:     It insulates you from electricity.
   SH:        It affects your SH (+5).
 Y - the ring "Gantoirch" {rPois rF+}
   (You took it off a wizard on level 2 of the Depths)

   [ring of poison resistance]

   rF:        It protects you from fire.
   rPois:     It protects you from poison.
 Z - a +6 ring of intelligence
Wands
 b - a wand of flame (115)
 d - a wand of iceblast (66)
 l - a wand of paralysis (29)
 r - a wand of quicksilver (27)
 y - a wand of polymorph (31)
 G - a wand of mindburst (40)
Scrolls
 a - 5 scrolls of fear
 e - 4 scrolls of fog
 h - 13 scrolls of enchant weapon
 k - 5 scrolls of teleportation {@r4}
 u - 3 scrolls of brand weapon
 J - 7 scrolls of vulnerability
 O - a scroll of enchant armour
 P - 7 scrolls of blinking
 Q - 4 scrolls of silence
 R - 10 scrolls of amnesia
 T - 15 scrolls of poison
 W - 5 scrolls of immolation
Potions
 j - 7 potions of flight
 o - 10 potions of lignification
 q - 3 potions of might
 s - 8 potions of mutation
 t - 7 potions of resistance
 w - 2 potions of brilliance
 x - 5 potions of ambrosia
 B - 4 potions of berserk rage
 C - 23 potions of curing {@q1}
 E - a potion of haste {@q3}
 H - 3 potions of attraction
 K - 12 potions of heal wounds {@q2}
 M - a potion of magic
 N - 6 potions of invisibility
 S - a potion of cancellation
Miscellaneous
 c - a condenser vane
 D - a phial of floods


   Skills:
 - Level 23.1 Fighting
 - Level 3.0(8.6) Polearms
 - Level 12.5(12.7) Staves
 - Level 0.9 Armour
 * Level 19.4 Dodging
 - Level 10.0 Shields
 - Level 0.4 Unarmed Combat
 - Level 20.0 Spellcasting
 - Level 16.3 Conjurations
 - Level 7.3 Necromancy
 - Level 1.5 Translocations
 - Level 11.0 Transmutations
 - Level 6.0 Ice Magic
 - Level 6.0 Air Magic
 - Level 25.0 Earth Magic
 - Level 10.4 Poison Magic
 - Level 7.5 Evocations


You had 15 spell levels left.
You knew the following spells:

 Your Spells              Type           Power      Damage    Failure   Level
a - Eringya's Noxious Bo  Tmut/Pois      41%        N/A       1%          6
b - Statue Form           Tmut/Erth      83%        N/A       1%          6
c - Iron Shot             Conj/Erth      66%        9d12      1%          6
d - Borgnjor's Vile Clut  Necr/Erth      60%        N/A       1%          5
e - Shatter               Erth           70%        3d52*     1%          9
f - Lee's Rapid Deconstr  Erth           70%        3d32*     0%          5
g - Dispel Undead         Necr           71%        3d24      1%          4
h - Irradiate             Conj/Tmut      45%        3d26      1%          5
i - Ignite Poison         Fire/Tmut/Pois 70%        N/A       1%          3
j - Kiss of Death         Conj/Necr      100%       2d13      0%          1
k - Apportation           Tloc           88%        N/A       1%          1

Your spell library contained the following spells:

 Spells                   Type           Power      Damage    Failure   Level
 Maxwell's Capacitive Co  Air            33%        ∞         90%         8
 Polar Vortex             Ice            33%        N/A       100%        9
 Sandblast                Erth           100%       2d20      0%          1
 Passwall                 Tmut/Erth      100%       N/A       0%          2
 Stone Arrow              Conj/Erth      100%       3d13      0%          3
 Beastly Appendage        Tmut           100%       N/A       1%          1
 Foxfire                  Conj/Fire      100%       2x1d9     1%          1
 Freeze                   Ice            100%       1d10      1%          1
 Necrotise                Necr           100%       1d9       1%          1
 Slow                     Hex            100%       N/A       1%          1
 Sting                    Tmut/Pois      100%       1d8       1%          1
 Summon Small Mammal      Summ           100%       N/A       1%          1
 Blink                    Tloc           88%        N/A       1%          2
 Cigotuvi's Dreadful Rot  Necr/Pois/Air  100%       N/A       1%          2
 Ensorcelled Hibernation  Hex/Ice        100%       N/A       1%          2
 Momentum Strike          Conj/Tloc      100%       3d10      1%          2
 Poisonous Vapours        Pois/Air       100%       N/A       1%          2
 Scorch                   Fire           68%        2d8       1%          2
 Static Discharge         Conj/Air       100%       2-7/arc   1%          2
 Sublimation of Blood     Necr           71%        N/A       1%          2
 Wereblood                Tmut           83%        N/A       1%          2
 Dazzling Flash           Conj/Hex       100%       N/A       1%          3
 Frozen Ramparts          Ice            100%       1d16      1%          3
 Hailstorm                Conj/Ice       84%        3d17      1%          3
 Inner Flame              Hex/Fire       34%        N/A       1%          3
 Kindle Blastsparks       Fire/Tloc/Air  100%       2d18      1%          3
 Mephitic Cloud           Conj/Pois/Air  83%        N/A       1%          3
 Ozocubu's Armour         Ice            66%        N/A       1%          3
 Spider Form              Tmut/Pois      82%        N/A       1%          3
 Vampiric Draining        Necr           71%        2d11      1%          3
 Vhi's Electric Charge    Tloc/Air       100%       N/A       1%          3
 Flame Wave               Conj/Fire      74%        2d16      1%          4
 Fulminant Prism          Conj/Hex       37%        3d17      1%          4
 Ice Form                 Ice/Tmut       75%        N/A       1%          4
 Iskenderun's Mystic Bla  Conj/Tloc      76%        2d15      1%          4
 Leda's Liquefaction      Hex/Erth       54%        N/A       1%          4
 Olgreb's Toxic Radiance  Pois           81%        N/A       1%          4
 Sticky Flame             Conj/Fire      74%        2d9       1%          4
 Alistair's Intoxication  Tmut/Pois      54%        N/A       1%          5
 Arcjolt                  Conj/Air       42%        1d52      1%          5
 Fireball                 Conj/Fire      37%        3d15      1%          5
 Freezing Cloud           Conj/Ice/Air   39%        6-21      1%          5
 Iskenderun's Battlesphe  Conj           98%        2d14      1%          5
 Lightning Bolt           Conj/Air       42%        1d61      1%          5
 Conjure Ball Lightning   Conj/Air       42%        3x3d15    1%          6
 Orb of Destruction       Conj           49%        9d13      1%          7
 Lehudib's Crystal Spear  Conj/Erth      66%        10d15     1%          8
 Gell's Gravitas          Tloc           44%        N/A       2%          3
 Lesser Beckoning         Tloc           88%        N/A       2%          3
 Teleport Other           Tloc           44%        N/A       2%          3
 Agony                    Necr           71%        N/A       2%          5
 Starburst                Conj/Fire      37%        6d11      2%          6
 Anguish                  Hex/Necr       28%        N/A       3%          4
 Summon Ice Beast         Ice/Summ       53%        N/A       4%          4
 Call Canine Familiar     Summ           34%        N/A       5%          3
 Confusing Touch          Hex            34%        N/A       5%          3
 Summon Guardian Golem    Hex/Summ       34%        N/A       5%          3
 Manifold Assault         Tloc           44%        N/A       9%          4
 Passage of Golubria      Tloc           44%        N/A       9%          4
 Death Channel            Necr           35%        N/A       13%         6
 Metabolic Englaciation   Hex/Ice        26%        N/A       14%         5
 Silence                  Hex/Air        26%        N/A       14%         5
 Dragon Form              Tmut           41%        N/A       16%         7
 Cause Fear               Hex            17%        N/A       17%         4
 Simulacrum               Ice/Necr       34%        N/A       17%         6
 Ozocubu's Refrigeration  Ice            33%        4d14      30%         7
 Summon Forest            Summ/Tloc      19%        N/A       34%         5
 Storm Form               Tmut/Air       37%        N/A       41%         7
 Summon Mana Viper        Hex/Summ       34%        N/A       43%         5
 Dispersal                Tloc           22%        N/A       80%         6
 Summon Cactus Giant      Summ           17%        N/A       95%         6
 Necromutation            Tmut/Necr      38%        N/A       95%         8
 Chain Lightning          Conj/Air       42%        3d56      98%         9
 Enfeeble                 Hex            17%        N/A       100%        7
 Monstrous Menagerie      Summ           17%        N/A       100%        7
 Summon Hydra             Summ           17%        N/A       100%        7
 Disjunction              Tloc           22%        N/A       100%        8
 Ignition                 Fire           17%        3d7       100%        8
 Dragon's Call            Summ           17%        N/A       100%        9
 Fire Storm               Conj/Fire      37%        8d9       100%        9


Dungeon Overview and Level Annotations

Branches:
Dungeon (15/15)            Temple (1/1) D:6            Lair (5/5) D:10
  Swamp (4/4) Lair:3        Snake (4/4) Lair:2        Slime (5/5) Lair:5
    Orc (2/2) D:11            Elf (3/3) Orc:2        Vaults (5/5) D:14
  Crypt (0/3) Vaults:3     Depths (4/4) D:15           Hell (visited)
    Dis (0/7) Hell            Geh (0/7) Hell            Coc (0/7) Hell
    Tar (0/7) Hell            Zot (5/5) Depths:4     Bailey (visited)
  IceCv (visited)

Altars:
Ashenzari
Cheibriados
Dithmenos
Elyvilon
Fedhas
Gozag
Hepliaklqana
Kikubaaqudgha
Makhleb
Nemelex Xobeh
Okawaru
Qazlal
Ru
Sif Muna
Trog
Uskayaw
Vehumet
Wu Jian
Xom
Yredelemnul
Zin
The Shining One

Shops:
D:2 [   D:12 [:   Orc:2 *([:   Elf:1 =   Elf:3 *(   Snake:1 :=:   Snake:4 =[[
Vaults:2 (   Vaults:5 (   Zot:5 *   Depths:3 (([   Depths:4 [

Portals:
Hell: Depths:1 Depths:2 Depths:3 Depths:4
Abyss: Depths:3
Pandemonium: Depths:2 Depths:4
Ziggurat: Depths:3
Trove: Depths:1 (give +2 gold dragon scales)

Annotations:
D:8 2 transporters
D:9 3 runed translucent doors, zishaf's ghost, journeyman DjVM; zishaf's ghost, novice VSBr
Lair:3 3 runed translucent doors, retardedninja's ghost, journeyman HOFi
Snake:4 1 runed translucent door, cforsyth's ghost, journeyman HOMo
Elf:2 3 runed translucent doors
Zot:5 1 runed translucent door, AigisTheKnight's ghost, legendary GrEE


Innate Abilities, Weirdness & Mutations

You are too large for most types of armour.
You have tough skin. (AC +1)
You have a pair of small horns on your head.
You sometimes lose your temper in combat.
Your body sometimes deteriorates upon taking damage.
You are frail. (-10% HP)
You occasionally shout uncontrollably at your foes.
You are weak. (Str -2)
You are vulnerable to heat. (rF-)
You sometimes lose the ability to drink potions when taking damage.


Message History

You feel your dexterity returning.
You can drink potions again.
Things that are here:
a +0 robe; a +0 dagger
There is a stone staircase leading up, spattered with blood here.
You start resting.
A sixfirhy comes into view.
You fly upwards.
There is a stone staircase leading down here.
You start resting.
Your magical contamination has completely faded away.
(D) Dungeon (T) Temple (L) Lair (S) Swamp (P) Snake Pit (M) Slime Pits (O) Orcish Mines (E) Elven Halls (V) Vaults (C) Crypt (U) Depths (H) Hell (I) Dis (G) Gehenna (X) Cocytus (Y) Tartarus (Z) Zot
Where to? (Enter - D:1 @ (x,y), ? - help)
There is an open door here.
An orange demon comes into view.
You yell at the orange demon!
The orange demon screeches!
Unknown command.
You feel a surge of power!
The iron shot hits the orange demon!!!
The orange demon is severely wounded.
You feel a surge of power!
The iron shot hits the orange demon!!!
You kill the orange demon!
Vehumet accepts your kill.
You feel your power returning.
(D) Dungeon (T) Temple (L) Lair (S) Swamp (P) Snake Pit (M) Slime Pits (O) Orcish Mines (E) Elven Halls (V) Vaults (C) Crypt (U) Depths (H) Hell (I) Dis (G) Gehenna (X) Cocytus (Y) Tartarus (Z) Zot
Where to? (Enter - D:1 @ (x,y), ? - help)
There is a stone staircase leading up here.
You fly upwards.
There is a stone staircase leading down here.
There is a staircase leading out of the dungeon here.
Unknown command.
You have escaped!

........# #.# #.....#..#
#...... ........# #.#
#.###.#..# #...... ........#
#.# #.###.#..###......
........# #.#
#..............### ........#
#.###.###.##.#########
.########
#.#.....#.##.#.......#
......#
##..P...P.###'#'#####.#
#####.#
#.........##........#.# #.#
#.#...@...##........#.# #.#
#.#........#........#.#
#.#####.#.P...P...........#..
#.......##.....###........#..
#.#########...####........#..
#.# #...............##.
####'#######
########........##.
#..........# #........##.
#..........# #........##.


There were no monsters in sight!

Vanquished Creatures
  Dissolution (Slime:2)
  the Royal Jelly (Slime:5)
  3 ancient liches
  9 orbs of fire
  3 juggernauts
  4 Killer Klowns
  Vashnia (Snake:4)
  Saint Roka (Vaults:1)
  A curse toe (Zot:5)
  Margery (Vaults:4)
  3 caustic shrikes
  Geryon (Hell)
  4 golden dragons
  3 bone dragons
  3 electric golems (Zot:5)
  A walking crystal tome (Depths:3)
  A Brimstone Fiend (D:7)
  23 tentacled monstrosities
  23 Orb Guardians
  A Hell Sentinel (Abyss:4)
  5 liches
  3 deep elf master archers
  2 deep elf blademasters (Elf:3)
  8 quicksilver dragons
  4 titans
  20 acid blobs
  2 walking divine tomes
  10 sphinxes
  9 death cobs
  5 tentacled starspawn
  5 thorn hunters
  18 storm dragons
  11 tengu reavers
  20 shadow dragons
  12 fire giants
  6 nagarajas (Snake:4)
  6 fenstrider witches (Swamp:4)
  5 draconian monks
  A revenant (Hell)
  7 rockslimes
  10 azure jellies
  12 vault wardens
  2 ghost moths
  13 frost giants
  7 draconian knights
  2 balrugs
  6 iron dragons
  3 draconian scorchers
  5 deep elf sorcerers
  6 draconian stormcallers
  3 orc warlords
  26 very ugly things
  2 deep elf elementalists (Elf:3)
  21 ironbound preservers
  A ghoul (Swamp:4)
  6 draconian annihilators
  2 war gargoyles
  14 quicksilver oozes
  16 stone giants
  2 reapers
  6 ironbound thunderhulks
  14 green draconians
  5 deep elf demonologists (Elf:3)
  4 eleionomae
  4 vampire knights
  12 deep elf annihilators
  8 white draconians
  8 purple draconians
  6 bunyips
  A minotaur (shapeshifter) (Depths:2)
  10 red draconians
  10 dire elephants
  12 spark wasps
  15 yellow draconians
  10 black draconians
  A green death (Zot:1)
  An eidolon (Vaults:3)
  Josephine (D:15)
  3 blizzard demons (Hell)
  6 fire dragons
  12 ettins
  5 iron golems (Hell)
  6 deep elf death magi
  6 deep elf high priests
  14 great orbs of eyes
  2 shambling mangroves (Swamp:4)
  3 rakshasas
  10 yaktaur captains
  2 salamander tyrants (Snake:4)
  3 entropy weavers
  40 vault guards
  15 hydras
  4 spriggan air magi
  4 ghost crabs
  3 catoblepae (D:14)
  A peacekeeper (Vaults:3)
  10 ironbound frosthearts
  16 centaur warriors
  12 ice dragons
  2 ogre magi (Swamp:4)
  A boulder beetle (shapeshifter) (Elf:2)
  4 two-headed ogres
  12 anacondas
  9 boulder beetles
  5 tengu warriors
  25 naga warriors
  6 deep troll earth magi
  3 deep troll shamans
  7 alligators
  20 naga sharpshooters
  7 hell hogs
  8 thrashing horrors
  7 vampire magi
  13 dancing weapons
  An orc high priest (Orc:2)
  15 hell knights
  2 spriggan berserkers
  6 shock serpents
  6 sun demons
  Nergalle (Orc:2)
  3 wretched stars (Abyss:3)
  9 deep elf knights
  3 iron trolls
  A skeletal warrior (D:14)
  2 salamander mystics
  9 soul eaters
  4 flayed ghosts
  2 anaconda zombies (Hell)
  3 goliath frogs
  A spectral death yak (Lair:5)
  A death drake (Abyss:3)
  77 deep trolls
  12 large abominations
  4 swamp dragons
  10 naga ritualists
  24 starcursed masses
  8 spriggan druids
  A spectral anaconda (Lair:5)
  4 glowing orange brains
  An obsidian statue (Lair:5)
  5 bog bodies
  6 orc knights
  2 cherubim (D:14)
  2 anaconda skeletons (Hell)
  21 lindwurms
  19 ironbound convokers
  3 phantasmal warriors (Vaults:5)
  A harpy (shapeshifter) (Vaults:5)
  21 wizards
  12 necromancers
  A lindwurm (shapeshifter) (D:13)
  Pikel (D:4)
  6 orc sorcerers
  12 deep elf archers
  11 deep elf zephyrmancers
  19 deep elf pyromancers
  2 oklob plants
  A manticore (D:13)
  4 shining eyes
  9 will-o-the-wisps
  42 ugly things
  A shining eye (shapeshifter) (Vaults:5)
  12 mana vipers
  A wolf spider (shapeshifter) (Vaults:5)
  28 moths of wrath
  12 cyclopes
  A worldbinder (Abyss:3)
  17 salamanders
  An elephant (shapeshifter) (Vaults:5)
  A rust devil (Hell)
  2 ice statues (Hell)
  2 eyes of devastation
  9 guardian serpents
  9 elephants (Lair:5)
  36 black mambas
  19 naga magi
  An apocalypse crab (Abyss:4)
  13 vault sentinels
  13 cane toads
  4 orange demons
  3 gargoyles
  Psyche (D:9)
  9 smoke demons
  3 rime drakes
  7 efreet
  12 kobold demonologists
  A rime drake (shapeshifter) (D:14)
  2 freezing wraiths
  6 tengu conjurers
  An anaconda simulacrum (Hell)
  9 komodo dragons
  3 hellwings (Swamp:4)
  35 yaktaurs
  9 ancient zymes
  3 bloated husks
  3 polar bears (Lair:3)
  A tarantella (shapeshifter) (D:13)
  A sea snake skeleton (Hell)
  3 trolls
  18 hornets
  A tarantella (Vaults:2)
  13 blink frogs
  A hydra zombie (Hell)
  91 slime creatures
  A harpy skeleton (Abyss:2)
  A hydra skeleton (Hell)
  7 tyrant leeches
  An alligator zombie (Hell)
  A blink frog (shapeshifter) (Vaults:5)
  A jumping spider (shapeshifter) (D:14)
  2 air elementals
  7 spriggans
  5 flying skulls (Abyss:3)
  A culicivora (shapeshifter) (D:14)
  3 water elementals
  A centaur simulacrum (D:14)
  A ynoxinul (Zot:2)
  56 yaks
  3 spriggans (shapeshifter)
  A shadow (D:10)
  5 basilisks
  8 wraiths
  Grum (D:8)
  10 small abominations
  2 death yak simulacra
  2 fire elementals
  4 wyverns
  9 golden eyes
  3 redbacks (Vaults:1)
  13 vampire mosquitoes
  6 neqoxecs
  2 chaos spawn
  21 swamp worms
  5 spectral cane toads (Lair:5)
  An acid dragon (D:14)
  A swamp worm (shapeshifter) (Depths:2)
  7 wargs
  55 nagas
  2 hell hounds
  9 water moccasins
  2 swamp drakes (Swamp:2)
  35 orc warriors
  2 sky beasts
  8 black bears
  3 boggarts (Vaults:1)
  An alligator simulacrum (Hell)
  11 ogres
  5 wolves
  4 centaurs
  An elephant skeleton (Lair:5)
  2 phantoms
  4 lemures (D:4)
  6 kobold brigands
  11 bullfrogs
  9 gnoll sergeants
  2 necrophages
  3 cane toad simulacra
  4 scorpions
  An earth elemental (Elf:1)
  Dowan (D:5)
  5 killer bees (D:9)
  2 elephant simulacra
  7 howler monkeys
  5 electric eels
  A hound (shapeshifter) (Vaults:5)
  3 quasits (Abyss:3)
  5 hounds
  4 iron imps
  8 jellies (D:13)
  21 orc priests
  9 gnoll boudas
  2 iguanas
  Ijyb (D:3)
  35 orc wizards
  3 wolf simulacra (Lair:4)
  27 gnolls
  4 adders
  3 white imps
  An ufetubus (D:5)
  A worm (D:4)
  A dart slug (D:3)
  78 orcs
  A bat (D:2)
  12 endoplasms
  A giant cockroach (D:4)
  6 goblins
  5 hobgoblins
  2 jackals (D:3)
  19 kobolds
  3 quokkas
  9 ball pythons
  A frilled lizard (D:1)
  5 rats
  3 fire vortices (Hell)
  5 plants (Zot:4)
  4 starspawn tentacles
  2 withered plants (Lair:5)
2345 creatures vanquished.

Vanquished Creatures (collateral kills)
  An orb of fire (Zot:5)
  A Killer Klown (Zot:5)
  3 Orb Guardians (Zot:5)
  Louise (D:15)
  A black draconian (Zot:5)
  An ugly thing (D:7)
  2 wraiths (D:15)
10 creatures vanquished.

Vanquished Creatures (others)
  A hellephant (Hell)
  A ghost moth (Zot:4)
  A green death (Swamp:4)
  2 deep elf knights (Elf:3)
  A deep elf zephyrmancer (Elf:1)
  A deep elf pyromancer (Elf:2)
  3 bloated husks
  Eustachio (D:5)
  A naga (Snake:4)
  2 water moccasins
  Duvessa (D:5)
  An ice beast (D:7)
  A howler monkey (D:4)
  An iguana (D:5)
  Terence (D:3)
  2 small abominations (Abyss:2)
  2 gnolls (D:4)
  4 orcs
  A ball python (D:2)
  A bat (D:2)
  An endoplasm (D:2)
  4 giant cockroaches
  A goblin (D:2)
  3 hobgoblins
  A kobold (D:2)
  A rat (D:3)
  A briar patch (Swamp:2)
  14 foxfires
  70 fungi
  138 plants
  12 starspawn tentacles
  41 withered plants
316 creatures vanquished.

Grand Total: 2671 creatures vanquished

Notes
Turn   | Place    | Note
-------+----------+-------------------------------------------
     0 | D:1      | freelancePsychic the Ogre Reaver began the quest for the
                  | Orb.
     0 | D:1      | Reached XP level 1. HP: 22/22 MP: 3/3
   276 | D:1      | Reached XP level 2. HP: 29/29 MP: 5/5
   613 | D:2      | Reached skill level 1 in Translocations
   695 | D:2      | Reached XP level 3. HP: 37/37 MP: 7/7
   698 | D:2      | Learned a level 2 spell: Momentum Strike
   865 | D:2      | Found Puitowo's Armour Boutique.
  1705 | D:3      | Noticed Ijyb
  1708 | D:3      | Killed Ijyb
  1783 | D:3      | Reached XP level 4. HP: 45/45 MP: 5/8
  1849 | D:3      | Learned a level 4 spell: Olgreb's Toxic Radiance
  1940 | D:3      | Noticed an ice beast
  2031 | D:3      | Found a glowing golden altar of the Shining One.
  2033 | D:3      | Found a shadowy altar of Dithmenos.
  2071 | D:3      | Noticed Terence
  2074 | D:3      | Killed Terence
  2128 | D:3      | Found a snail-covered altar of Cheibriados.
  2333 | D:3      | Reached skill level 1 in Poison Magic
  2573 | D:4      | Reached XP level 5. HP: 46/54 MP: 9/9
  2667 | D:4      | Found a white marble altar of Elyvilon.
  2674 | D:4      | Noticed a black bear
  2694 | D:4      | Killed a black bear
  3022 | D:4      | Noticed Pikel
  3107 | D:4      | Reached XP level 6. HP: 51/61 MP: 11/11
  3241 | D:4      | Identified a scroll of acquirement
  3384 | D:4      | Found an opulent altar of Gozag.
  3606 | D:5      | Entered Level 5 of the Dungeon
  3650 | D:5      | Noticed Eustachio
  3674 | D:5      | Killed Eustachio
  3675 | D:5      | Reached skill level 5 in Fighting
  3753 | D:5      | Noticed Dowan
  3754 | D:5      | Noticed Duvessa
  3765 | D:5      | Killed Duvessa
  3768 | D:5      | Killed Dowan
  3769 | D:5      | Reached XP level 7. HP: 58/72 MP: 5/13
  4449 | D:5      | Got the Handbook of Terror
  4727 | D:5      | Found an iron altar of Okawaru.
  4964 | D:6      | Found a staircase to the Ecumenical Temple.
  4974 | Temple   | Entered the Ecumenical Temple
  5177 | Temple   | Became a worshipper of Vehumet
  5243 | D:6      | Noticed a hornet
  5251 | D:6      | Killed a hornet
  5252 | D:6      | Reached skill level 5 in Poison Magic
  5252 | D:6      | Reached XP level 8. HP: 42/84 MP: 0/14
  5903 | D:6      | Noticed a yak
  5920 | D:6      | Killed a yak
  5921 | D:6      | Reached skill level 1 in Ice Magic
  5921 | D:6      | Reached skill level 1 in Air Magic
  6070 | D:6      | Noticed a yak
  6072 | D:6      | Noticed a yak
  6072 | D:6      | Noticed a yak
  6072 | D:6      | Noticed a yak
  6077 | D:6      | Killed a yak
  6078 | D:6      | Reached skill level 5 in Spellcasting
  6080 | D:6      | Killed a yak
  6081 | D:6      | Reached XP level 9. HP: 96/96 MP: 0/16
  6083 | D:6      | Reached * piety under Vehumet
  6083 | D:6      | Offered knowledge of Freeze by Vehumet.
  6874 | D:7      | Noticed a red ugly thing
  6896 | D:7      | Killed a red ugly thing
  7071 | D:7      | Reached skill level 5 in Conjurations
  7229 | D:7      | Learned a level 5 spell: Freezing Cloud
  7911 | D:7      | Reached XP level 10. HP: 91/107 MP: 15/19
  8228 | D:4      | Killed Pikel
  8412 | D:8      | Noticed a two-headed ogre
  8419 | D:8      | Killed a two-headed ogre
  8520 | D:8      | Found a transporter.
  8524 | D:8      | Found a flagged portal.
  8528 | D:8      | Noticed Grum
  8533 | Bailey   | Entered a bailey
  8645 | Bailey   | Reached ** piety under Vehumet
  8645 | Bailey   | Offered knowledge of Static Discharge by Vehumet.
  8967 | Bailey   | Reached skill level 10 in Fighting
  9218 | Bailey   | Offered knowledge of Searing Ray by Vehumet.
  9386 | D:8      | HP: 5/110 [Grum/+0 spear (14)]
  9400 | D:8      | Killed Grum
  9780 | D:8      | Found a sacrificial altar of Ru.
  9810 | D:8      | Found a transporter.
  9810 | D:8      | Noticed a cyclops
  9838 | D:8      | You fall into a shaft and drop 3 floors!
  9856 | D:10     | Entered Level 10 of the Dungeon
  9875 | D:10     | Noticed a two-headed ogre
  9884 | D:10     | Killed a two-headed ogre
  9885 | D:10     | Reached skill level 5 in Ice Magic
  9885 | D:10     | Reached skill level 5 in Air Magic
 10212 | D:10     | Reached XP level 11. HP: 110/112 MP: 14/22
 10446 | D:10     | Identified the +1 robe "Enoucisi" {Harm}
 10625 | D:10     | Reached *** piety under Vehumet
 10919 | D:9      | Found a runed translucent gate.
 10920 | D:9      | Found a runed translucent gate.
 10920 | D:9      | Found a runed translucent gate.
 10923 | D:9      | Noticed zishaf's ghost (novice VSBr)
 10923 | D:9      | Noticed zishaf's ghost (journeyman DjVM)
 10960 | D:9      | Noticed a cyclops
 10963 | D:9      | Killed a cyclops
 11032 | D:9      | Offered knowledge of Airstrike by Vehumet.
 11079 | D:9      | Noticed Psyche
 11211 | D:9      | Killed Psyche
 11684 | D:8      | Reached skill level 1 in Transmutations
 12685 | D:10     | Reached **** piety under Vehumet
 12692 | D:10     | Offered knowledge of Mephitic Cloud by Vehumet.
 12698 | D:10     | Noticed a soul eater
 12947 | D:10     | Found a staircase to the Lair.
 12968 | D:10     | Reached XP level 12. HP: 132/132 MP: 14/24
 13959 | Lair:1   | Entered Level 1 of the Lair of Beasts
 14300 | Lair:1   | Reached skill level 5 in Transmutations
 14493 | Lair:1   | Noticed a five-headed hydra
 14498 | Lair:1   | Killed a five-headed hydra
 14598 | Lair:1   | You fall into a shaft and drop 1 floor!
 15780 | Lair:1   | Learned a level 6 spell: Eringya's Noxious Bog
 15874 | Lair:2   | Noticed a six-headed hydra
 15879 | Lair:2   | Killed a six-headed hydra
 16884 | Lair:2   | Found a staircase to the Snake Pit.
 16894 | Lair:2   | Reached XP level 13. HP: 91/144 MP: 16/25
 17580 | Lair:3   | Noticed retardedninja's ghost (journeyman HOFi)
 17585 | Lair:3   | Noticed a minotaur
 17964 | Lair:3   | Reached skill level 10 in Poison Magic
 18038 | Lair:3   | Found a runed translucent gate.
 18038 | Lair:3   | Found a runed translucent gate.
 18038 | Lair:3   | Found a runed translucent gate.
 18153 | Lair:3   | Reached ***** piety under Vehumet
 18633 | Lair:3   | Found a staircase to the Swamp.
 18844 | Lair:4   | Found a frozen archway.
 18862 | Lair:4   | Offered knowledge of Yara's Violent Unravelling by Vehumet.
 18944 | IceCv    | Entered an ice cave
 19616 | Lair:4   | Reached skill level 1 in Shields
 19619 | Lair:4   | Reached skill level 1 in Earth Magic
 20123 | Lair:5   | Entered Level 5 of the Lair of Beasts
 20368 | Lair:5   | Reached skill level 15 in Fighting
 20568 | Lair:5   | Reached skill level 5 in Shields
 20853 | Lair:5   | Noticed a dire elephant
 20853 | Lair:5   | Noticed a dire elephant
 20853 | Lair:5   | Noticed a dire elephant
 21096 | D:10     | Reached XP level 14. HP: 114/139 MP: 26/26
 22200 | D:11     | Found a staircase to the Orcish Mines.
 22210 | Orc:1    | Entered Level 1 of the Orcish Mines
 22823 | Orc:1    | Offered knowledge of Starburst by Vehumet.
 23755 | Orc:2    | Entered Level 2 of the Orcish Mines
 23828 | Orc:2    | Found a staircase to the Elven Halls.
 23910 | Orc:2    | Noticed an orc warlord
 23930 | Orc:2    | Killed an orc warlord
 24170 | Orc:2    | Noticed an orc warlord
 24206 | Orc:2    | Killed an orc warlord
 24293 | Orc:2    | Noticed Nergalle
 24297 | Orc:2    | Reached skill level 10 in Spellcasting
 24304 | Orc:2    | Killed Nergalle
 24689 | Orc:2    | Found Feqion's Antique Weapon Shoppe.
 24724 | Orc:2    | Found Kef Dudy's Book Shoppe.
 24757 | Orc:2    | Found a burning altar of Makhleb.
 24851 | Orc:2    | Found Plog's Antique Armour Shoppe.
 24866 | Orc:2    | Found Hamiahetz's General Store.
 24873 | Orc:2    | Bought a scroll of fear for 52 gold pieces
 24873 | Orc:2    | Bought a scroll of blinking for 97 gold pieces
 24873 | Orc:2    | Bought a scroll of blinking for 97 gold pieces
 24873 | Orc:2    | Bought 2 potions of ambrosia for 208 gold pieces
 25129 | Orc:2    | Acquired 814 gold pieces
 25204 | D:12     | Offered knowledge of Irradiate by Vehumet.
 25222 | D:12     | Learned a level 5 spell: Irradiate
 25233 | D:12     | Found Wacs's Antique Armour Shop.
 25244 | D:12     | Bought a fine robe for 199 gold pieces
 25244 | D:12     | Identified the +2 robe of Ru's Pride {rPois rF- Int+7} (You
                  | bought it in a shop on level 12 of the Dungeon)
 25315 | D:12     | Found Nunneurr's Book Shop.
 26403 | D:13     | Found an iron altar of Okawaru.
 27852 | D:14     | Reached skill level 2 in Earth Magic
 27853 | D:14     | Reached XP level 15. HP: 110/167 MP: 27/29
 27872 | D:14     | Reached skill level 3 in Earth Magic
 28396 | D:14     | Got Suriz's Advanced Steps in Witchery
 28399 | D:14     | Identified the +1 crystal plate armour "Suicoale" {rF++}
 29011 | D:14     | Reached skill level 4 in Earth Magic
 29074 | D:14     | Reached skill level 10 in Shields
 29296 | D:14     | Reached skill level 5 in Earth Magic
 29699 | D:14     | Reached skill level 6 in Earth Magic
 29865 | D:14     | Upgraded the game from 0.30-a0-422-g946f4849ff to
                  | 0.30-a0-424-g7412bad402
 30024 | D:14     | Learned a level 6 spell: Statue Form
 30029 | D:14     | Reached skill level 7 in Earth Magic
 30236 | D:14     | Found a gate to the Vaults.
 30820 | D:15     | Entered Level 15 of the Dungeon
 30918 | D:15     | Noticed Louise
 30918 | D:15     | Noticed Josephine
 30928 | D:15     | Killed Louise
 30929 | D:15     | Reached skill level 8 in Earth Magic
 30929 | D:15     | Killed Josephine
 31299 | D:15     | Reached skill level 9 in Earth Magic
 31659 | D:15     | Found a staircase to the Depths.
 32607 | Swamp:1  | Entered Level 1 of the Swamp
 33072 | Swamp:1  | Reached skill level 10 in Earth Magic
 33075 | Swamp:1  | Reached XP level 16. HP: 134/176 MP: 23/30
 33116 | Swamp:1  | Reached ****** piety under Vehumet
 33298 | Swamp:1  | Identified the +1 leather armour of Objectivity {Regen+
                  | Str+7}
 33924 | Swamp:1  | Noticed a tentacled monstrosity
 33947 | Swamp:1  | Killed a tentacled monstrosity
 34120 | Swamp:1  | Identified the +0 ice dragon scales "Arphuor" {Fly rF- rC++
                  | Int+2}
 34194 | Swamp:1  | Offered knowledge of Orb of Destruction by Vehumet.
 34290 | Swamp:2  | Noticed a thorn hunter
 34303 | Swamp:2  | Reached skill level 10 in Transmutations
 34303 | Swamp:2  | Reached skill level 11 in Earth Magic
 34305 | Swamp:1  | Killed a thorn hunter
 35037 | Swamp:2  | Got the Quarto of the Enchanting Barrage
 35597 | Swamp:3  | Noticed a thorn hunter
 35606 | Swamp:3  | Killed a thorn hunter
 36163 | Swamp:3  | Noticed a tentacled monstrosity
 36187 | Swamp:3  | Killed a tentacled monstrosity
 36683 | Swamp:3  | Reached skill level 12 in Earth Magic
 36884 | Swamp:3  | Learned a level 6 spell: Iron Shot
 36907 | Swamp:4  | Entered Level 4 of the Swamp
 37338 | Swamp:4  | Learned a level 5 spell: Borgnjor's Vile Clutch
 37368 | Swamp:4  | Noticed a fenstrider witch
 37371 | Swamp:4  | Paralysed by a fenstrider witch for 4 turns
 37376 | Swamp:4  | Killed a fenstrider witch
 37423 | Swamp:4  | Paralysed by an ogre mage for 3 turns
 37954 | Swamp:4  | Noticed a fenstrider witch
 37958 | Swamp:4  | Killed a fenstrider witch
 37959 | Swamp:4  | Reached skill level 1 in Necromancy
 37959 | Swamp:4  | Reached XP level 17. HP: 120/184 MP: 13/31
 38071 | Swamp:4  | Paralysed by a fenstrider witch for 4 turns
 40101 | Swamp:4  | Reached skill level 13 in Earth Magic
 40274 | Swamp:4  | Paralysed by a fenstrider witch for 2 turns
 40715 | Swamp:4  | Got a decaying rune of Zot
 40951 | Snake:1  | Entered Level 1 of the Snake Pit
 40962 | Snake:1  | Offered knowledge of Iskenderun's Battlesphere by Vehumet.
 42606 | Snake:1  | You fall into a shaft and drop 1 floor!
 42613 | Snake:2  | Reached skill level 10 in Conjurations
 42973 | Snake:1  | Reached skill level 14 in Earth Magic
 43099 | Snake:1  | Found Suifays's Jewellery Shoppe.
 43100 | Snake:1  | Found Dantang's Book Boutique.
 43100 | Snake:1  | Found Siffeat's Book Boutique.
 43110 | Snake:1  | Bought a manual of Earth Magic for 880 gold pieces
 43115 | Snake:1  | Bought a manual of Conjurations for 1360 gold pieces
 43115 | Snake:1  | Bought a book of Annihilations for 1020 gold pieces
 43117 | Snake:1  | Bought a +6 ring of intelligence for 468 gold pieces
 43288 | Snake:2  | Reached XP level 18. HP: 125/193 MP: 21/34
 43892 | Snake:2  | Offered knowledge of Spellforged Servitor by Vehumet.
 44130 | Snake:2  | Reached skill level 15 in Earth Magic
 45315 | Snake:3  | Reached skill level 16 in Earth Magic
 46407 | Snake:4  | Entered Level 4 of the Snake Pit
 46719 | Snake:4  | Found Vaoxkudd's Antique Armour Emporium.
 46759 | Snake:4  | Reached skill level 17 in Earth Magic
 47057 | Snake:4  | Found Pyriuzo's Jewellery Emporium.
 47082 | Snake:4  | Found a runed translucent door.
 47084 | Snake:4  | Noticed cforsyth's ghost (journeyman HOMo)
 47107 | Snake:4  | Noticed Vashnia
 47194 | Snake:4  | Killed Vashnia
 47633 | Snake:4  | Found Omihawad's Armour Emporium.
 48033 | Snake:4  | Reached skill level 18 in Earth Magic
 48136 | Snake:4  | Offered knowledge of Lehudib's Crystal Spear by Vehumet.
 48260 | Snake:4  | Reached XP level 19. HP: 209/209 MP: 5/35
 48707 | Snake:4  | Got a serpentine rune of Zot
 49012 | Snake:4  | Learned a level 9 spell: Shatter
 49221 | Elf:1    | Entered Level 1 of the Elven Halls
 49259 | Elf:1    | Reached skill level 19 in Earth Magic
 49370 | Elf:1    | Found a radiant altar of Vehumet.
 49462 | Elf:1    | Paralysed by an air elemental for 1 turns
 49750 | Elf:1    | Found Odiaxed's Jewellery Shoppe.
 50153 | Elf:2    | Paralysed by an air elemental for 1 turns
 50407 | Elf:2    | Found a runed translucent gate.
 50407 | Elf:2    | Found a runed translucent gate.
 50431 | Elf:2    | Found a runed translucent gate.
 50592 | Elf:2    | Offered knowledge of Polar Vortex by Vehumet.
 50592 | Elf:2    | Offered knowledge of Ignition by Vehumet.
 50592 | Elf:2    | Offered knowledge of Maxwell's Capacitive Coupling by
                  | Vehumet.
 50592 | Abyss:2  | Cast into level 2 of the Abyss (a deep elf sorcerer)
 50873 | Abyss:2  | Noticed a tentacled monstrosity
 50898 | Abyss:2  | Killed a tentacled monstrosity
 51235 | Abyss:2  | Gained mutation: You occasionally lose the ability to drink
                  | potions when taking damage. [a neqoxec]
 51241 | Abyss:2  | Noticed a bone dragon
 51336 | Abyss:2  | Killed a bone dragon
 51495 | Elf:2    | Escaped the Abyss
 52287 | Elf:3    | Entered Level 3 of the Elven Halls
 52313 | Elf:3    | Found Itounlu's Weapon Boutique.
 52487 | Elf:3    | Reached skill level 20 in Earth Magic
 52893 | Elf:3    | Found Aixzukaj's Alliterative Accessories.
 53522 | Vaults:1 | Entered Level 1 of the Vaults
 53621 | Vaults:1 | Reached XP level 20. HP: 219/219 MP: 19/36
 54525 | Vaults:1 | Noticed Saint Roka
 54575 | Vaults:1 | Killed Saint Roka
 55023 | Vaults:1 | Reached skill level 21 in Earth Magic
 55865 | Vaults:1 | Gained mutation: You sometimes lose your temper in combat.
                  | [mutagenic glow]
 56183 | Vaults:1 | Lost mutation: You occasionally lose the ability to drink
                  | potions when taking damage. [potion of mutation]
 56183 | Vaults:1 | Lost mutation: You sometimes lose your temper in combat.
                  | [potion of mutation]
 56183 | Vaults:1 | Gained mutation: Your spells are a little harder to cast,
                  | but a little more powerful. [potion of mutation]
 56183 | Vaults:1 | Gained mutation: You possess an exceptional clarity of
                  | mind. [potion of mutation]
 58491 | Vaults:2 | Found Foobrub's Weapon Boutique.
 58743 | Elf:3    | Bought a scroll of acquirement for 624 gold pieces
 58743 | Elf:3    | Acquired a staff of earth
 58989 | Vaults:2 | Reached XP level 21. HP: 212/237 MP: 17/37
 59043 | Vaults:2 | Reached skill level 22 in Earth Magic
 59257 | Vaults:2 | Reached skill level 5 in Dodging
 61856 | Vaults:3 | Identified the -1 helmet "Idadoiz" {Int+2}
 61908 | Vaults:3 | Found a staircase to the Crypt.
 62849 | Vaults:4 | Reached skill level 23 in Earth Magic
 63649 | Vaults:4 | Paralysed by a great orb of eyes for 5 turns
 63716 | Vaults:4 | Reached XP level 22. HP: 90/243 MP: 13/38
 64254 | Vaults:4 | Noticed Margery
 64257 | Vaults:4 | Killed Margery
 64285 | Vaults:4 | Gained mutation: Your body sometimes deteriorates upon
                  | taking damage. [mutagenic glow]
 64741 | Vaults:4 | Reached skill level 1 in Staves
 65861 | Elf:3    | Identified the +8 short sword of Gaf Gupp {vorpal, rElec}
 65863 | Elf:3    | Identified the +5 leather armour of Kusegics {rPois}
 65866 | Elf:3    | Reached skill level 24 in Earth Magic
 65866 | Elf:3    | Identified the +3 leather armour "Sisiso" {rPois}
 65888 | Elf:3    | Identified the ring "Ferioxkil" {Fly Will+ Dex-3 Slay+3
                  | Stlth+}
 65934 | Elf:3    | Identified the ring of Aghadit {rElec rF+++ rN+++ Will-
                  | Str-4 Int+6}
 66270 | Elf:3    | Identified the +4 arbalest "Igeeraiz" {freeze, +Blink}
 66283 | Elf:3    | Got Edoirix's Book of Tainted Darkness
 66288 | Elf:3    | Got Nics's Codex of Stolen Souls
 66833 | Snake:4  | Bought the amulet of Wicuonn {Reflect rElec rC+ SH+5} for
                  | 510 gold pieces
 67065 | Depths:1 | Entered Level 1 of the Depths
 67142 | Depths:1 | Noticed a caustic shrike
 67256 | Depths:1 | Killed a caustic shrike
 67258 | Depths:1 | Reached skill level 5 in Staves
 67349 | Depths:1 | Found a blossoming altar of Fedhas.
 67698 | Depths:1 | Learned a level 5 spell: Lee's Rapid Deconstruction
 68137 | Depths:1 | Found the +27 heavy crossbow "Sniper" {vorpal, Acc+∞ SInv}
 68456 | Depths:1 | Identified the +10 quarterstaff "Pifiula" {spect, Fly rElec
                  | rC+ Str+3}
 68646 | Depths:1 | Found a portal to a secret trove of treasure.
 69162 | Depths:1 | Found a gateway to Hell.
 69508 | Depths:2 | Reached XP level 23. HP: 254/254 MP: 18/40
 69607 | Depths:2 | Noticed a caustic shrike
 69688 | Depths:2 | Killed a caustic shrike
 69689 | Depths:2 | Reached skill level 25 in Earth Magic
 69810 | Depths:2 | Noticed a golden dragon
 69903 | Depths:2 | Killed a golden dragon
 70431 | Depths:2 | Found a one-way gate leading to the halls of Pandemonium.
 70611 | Depths:2 | You fall into a shaft and drop 2 floors!
 70611 | Depths:4 | Entered Level 4 of the Depths
 70779 | Depths:3 | Found Orcho's Antique Armour Boutique.
 70779 | Depths:3 | Found Athyxa's Weapon Emporium.
 70784 | Depths:3 | Reached skill level 1 in Evocations
 70888 | Depths:3 | Found a one-way gate to the infinite horrors of the Abyss.
 71561 | Depths:2 | Identified the +5 war axe of Checks and Balances {vorpal,
                  | rPois rF+ rCorr}
 71567 | Depths:2 | Reached skill level 10 in Staves
 71571 | Depths:2 | Noticed a juggernaut
 71676 | Depths:2 | Killed a juggernaut
 71951 | Depths:2 | Identified the ring "Gantoirch" {rPois rF+} (You took it
                  | off a wizard on level 2 of the Depths)
 72351 | Depths:2 | Identified the +4 hand axe of Exquisite Torment {vorpal,
                  | rC+ Dex+4}
 72717 | Depths:3 | Reached skill level 5 in Evocations
 72904 | Depths:3 | Paralysed by a sphinx for 5 turns
 72904 | Depths:3 | Noticed a juggernaut
 72910 | Depths:3 | Killed a juggernaut
 73250 | Depths:3 | Found a one-way gateway to a ziggurat.
 73350 | Depths:3 | Noticed a caustic shrike
 73352 | Depths:3 | Identified the +10 morningstar of Afribiss {protect,
                  | Fragile Will+ Int+2}
 73370 | Depths:3 | Killed a caustic shrike
 73522 | Depths:3 | Reached XP level 24. HP: 257/265 MP: 13/40
 73841 | Depths:3 | Noticed a juggernaut
 73967 | Depths:3 | Killed a juggernaut
 74195 | Depths:3 | Found Wocauket's Antique Weapon Shoppe.
 74389 | Depths:3 | Found an ornate altar of the Wu Jian Council.
 75374 | Depths:3 | Identified the +9 rapier of the Fray {pain, Drain rPois
                  | rN+}
 75412 | Depths:3 | Upgraded the game from 0.30-a0-424-g7412bad402 to
                  | 0.30-a0-439-g9e77e4d916
 76223 | Depths:4 | Found Kelilel's Armour Shoppe.
 76527 | Depths:4 | Found a gate to the Realm of Zot.
 76906 | Hell     | Entered the Vestibule of Hell
 76906 | Hell     | Noticed Geryon
 77167 | Hell     | Reached skill level 15 in Spellcasting
 77388 | Hell     | Killed Geryon
 77538 | Hell     | Found a gateway to the decaying netherworld of Tartarus.
 77613 | Hell     | Found a gateway to the freezing wastes of Cocytus.
 78011 | Hell     | Found a gateway to the Iron City of Dis.
 78289 | Hell     | Found a gateway to the ashen valley of Gehenna.
 79112 | Lair:5   | Found a staircase to the Slime Pits.
 79790 | Slime:1  | Entered Level 1 of the Pits of Slime
 79827 | Slime:1  | Learned a level 3 spell: Ignite Poison
 79907 | Slime:1  | Reached skill level 15 in Conjurations
 79925 | Slime:1  | Gained mutation: Your body often deteriorates upon taking
                  | damage. [a shining eye]
 79927 | Slime:1  | Gained mutation: You are weak. (Str -2) [a shining eye]
 79982 | Slime:1  | Reached XP level 25. HP: 273/273 MP: 29/43
 80009 | Slime:2  | Noticed Dissolution
 80015 | Slime:2  | Killed Dissolution
 80672 | Slime:5  | Entered Level 5 of the Pits of Slime
 80907 | Slime:5  | Gained mutation: You occasionally lose the ability to read
                  | scrolls when taking damage. [a shining eye]
 80959 | Slime:5  | Noticed the Royal Jelly
 80965 | Slime:5  | Killed the Royal Jelly
 81134 | Slime:5  | Identified the +0 cloak of Least Resistance {Rampage rElec
                  | rPois rF-}
 81145 | Slime:5  | Acquired the +0 cloak of Darkness {Will+ Int+4}
 81150 | Slime:5  | Identified the +1 robe "Loduc" {Str+10}
 81294 | Slime:5  | Identified the amulet of the Ban {Reflect +Blink Will++
                  | MP-9 Int+2 SH+5}
 81302 | Slime:5  | Got a slimy rune of Zot
 81303 | Slime:5  | Identified the ring of Ovipy {Will+ MP+9}
 81392 | Slime:5  | Identified the +10 whip "Isonn" {speed, rF+ Will+}
 81401 | Slime:5  | Identified the +1 spear of Propriety {vorpal, rN+}
 81755 | Slime:5  | Lost mutation: Your spells are a little harder to cast, but
                  | a little more powerful. [potion of mutation]
 81755 | Slime:5  | Lost mutation: You possess an exceptional clarity of mind.
                  | [potion of mutation]
 81756 | Slime:5  | Lost mutation: You are weak. (Str -2) [potion of mutation]
 81756 | Slime:5  | Lost mutation: Your body often deteriorates upon taking
                  | damage. [potion of mutation]
 81756 | Slime:5  | Lost mutation: You occasionally lose the ability to read
                  | scrolls when taking damage. [potion of mutation]
 81756 | Slime:5  | Gained mutation: You are vulnerable to heat. (rF-) [potion
                  | of mutation]
 81756 | Slime:5  | Gained mutation: You are partially covered in iridescent
                  | scales. (AC +2) [potion of mutation]
 81757 | Slime:5  | Lost mutation: Your body sometimes deteriorates upon taking
                  | damage. [potion of mutation]
 81757 | Slime:5  | Lost mutation: You are partially covered in iridescent
                  | scales. (AC +2) [potion of mutation]
 81757 | Slime:5  | Gained mutation: You have hidden genetic potential. [potion
                  | of mutation]
 81757 | Slime:5  | Gained mutation: Your muscles are strong. (Str +4, Int/Dex
                  | -1) [potion of mutation]
 81757 | Slime:5  | Gained mutation: You have great hidden genetic potential.
                  | [potion of mutation]
 81758 | Slime:5  | Lost mutation: You have great hidden genetic potential.
                  | [potion of mutation]
 81758 | Slime:5  | Lost mutation: Your muscles are strong. (Str +4, Int/Dex
                  | -1) [potion of mutation]
 81758 | Slime:5  | Lost mutation: You have hidden genetic potential. [potion
                  | of mutation]
 81758 | Slime:5  | Gained mutation: You have supernaturally acute eyesight.
                  | (SInv) [potion of mutation]
 81759 | Slime:5  | Lost mutation: You have supernaturally acute eyesight.
                  | (SInv) [potion of mutation]
 81759 | Slime:5  | Lost mutation: You are vulnerable to heat. (rF-) [potion of
                  | mutation]
 81759 | Slime:5  | Gained mutation: You have a pair of small horns on your
                  | head. [potion of mutation]
 82187 | Vaults:5 | Entered Level 5 of the Vaults
 82208 | Vaults:5 | Noticed an ancient lich
 82211 | Vaults:5 | Killed an ancient lich
 82212 | Vaults:5 | Reached XP level 26. HP: 187/292 MP: 45/45
 82805 | Vaults:5 | Identified the +5 spear of Severance {pain, Fly rN+}
 82806 | Vaults:5 | Found Febef's Weapon Shop.
 82835 | Vaults:5 | Got a silver rune of Zot
 82960 | Vaults:5 | Identified the +0 ring mail of Levity {rC+ Int+4}
 82982 | Vaults:5 | Identified the ring of Nydghat {Fly Will+ Dex+6 Stlth+}
 83366 | Vaults:5 | Identified the +4 demon trident "Nuapoib" {elec, Dex+2}
 83946 | Depths:3 | Voluntarily entered the Abyss.
 84069 | Abyss:3  | Learned a level 4 spell: Dispel Undead
 84281 | Depths:3 | Escaped the Abyss
 84552 | Depths:3 | Voluntarily entered the Abyss.
 84553 | Abyss:3  | Noticed an ancient lich
 84562 | Abyss:3  | Killed an ancient lich
 84669 | Depths:3 | Escaped the Abyss
 84782 | Depths:3 | Voluntarily entered the Abyss.
 84782 | Abyss:3  | Found a corrupted altar of Lugonu.
 84824 | Abyss:4  | Paralysed by accursed screaming for 1 turns
 84936 | Abyss:4  | Reached skill level 5 in Necromancy
 85088 | Depths:3 | Escaped the Abyss
 85173 | Zot:1    | Entered Level 1 of the Realm of Zot
 85322 | Zot:1    | Noticed an orb of fire
 85489 | Depths:4 | Gained mutation: You occasionally lose the ability to drink
                  | potions when taking damage. [an orb of fire]
 85494 | Depths:4 | Killed an orb of fire
 85584 | Zot:1    | Reached skill level 10 in Dodging
 86149 | Zot:1    | Learned a level 1 spell: Apportation
 86349 | Zot:1    | You are sucked into a shaft and drop 1 floor!
 86350 | Zot:2    | Acquired 867 gold pieces
 86354 | Zot:2    | Acquired the +2 hat "Xutyhy" {Rampage *Corrode Drain Dex+9}
 86436 | Zot:2    | Noticed an orb of fire
 86441 | Zot:2    | Killed an orb of fire
 86546 | Zot:2    | Noticed a Killer Klown
 86550 | Zot:2    | Killed a Killer Klown
 86551 | Zot:2    | Reached XP level 27. HP: 249/305 MP: 21/47
 90186 | Zot:4    | Noticed an orb of fire
 90188 | Zot:4    | Gained mutation: You sometimes lose the ability to drink
                  | potions when taking damage. [an orb of fire]
 90190 | Zot:4    | Killed an orb of fire
 90522 | Zot:4    | Reached skill level 15 in Dodging
 91803 | Zot:5    | Entered Level 5 of the Realm of Zot
 92035 | Zot:5    | Noticed an ancient lich
 92036 | Zot:5    | Killed an ancient lich
 92051 | Zot:5    | Noticed an orb of fire
 92051 | Zot:5    | Noticed an orb of fire
 92054 | Zot:5    | Noticed an orb of fire
 92055 | Zot:5    | Gained mutation: You occasionally shout uncontrollably at
                  | your foes. [an orb of fire]
 92056 | Zot:5    | Killed an orb of fire
 92057 | Zot:5    | Killed an orb of fire
 92059 | Zot:5    | Gained mutation: You are frail. (-10% HP) [an orb of fire]
 92061 | Zot:5    | Killed an orb of fire
 92074 | Zot:5    | Noticed an orb of fire
 92086 | Zot:5    | Killed an orb of fire
 92122 | Zot:5    | Noticed an orb of fire
 92136 | Zot:5    | Killed an orb of fire
 92138 | Zot:5    | Noticed an orb of fire
 92144 | Zot:5    | Gained mutation: You are weak. (Str -2) [mutagenic glow]
 92151 | Zot:5    | Killed an orb of fire
 92157 | Zot:5    | Gained mutation: You are vulnerable to heat. (rF-)
                  | [mutagenic glow]
 92431 | Zot:5    | Noticed AigisTheKnight's ghost (legendary GrEE)
 92445 | Zot:5    | Found a runed translucent door.
 92609 | Zot:5    | Noticed an orb of fire
 92612 | Zot:5    | Gained mutation: You sometimes lose your temper in combat.
                  | [an orb of fire]
 92613 | Zot:5    | Gained mutation: Your body sometimes deteriorates upon
                  | taking damage. [an orb of fire]
 92615 | Zot:5    | Killed an orb of fire
 93082 | Zot:5    | Found Edetof's CLEARANCE SALE!.
 93090 | Zot:5    | Bought a potion of brilliance for 8 gold pieces
 93090 | Zot:5    | Bought a potion of invisibility for 16 gold pieces
 93247 | Zot:5    | Got the Orb of Zot
 93780 | D:$      | Escaped with the Orb!

Illustrated notes

Levels and vault maps discovered:
D:1:      dpeg_arrival_orchard, layout_basic
D:2:      layout_basic, serial_shops, shop
D:3:      layout_rooms, cheibriados_altar_1, minitemple, uniq_terence, uniq_ijyb
D:4:      layout_cave_pools, mainiacjoe_overflow_catwalk,
          nicolae_gozag_seed_capital, minivault_25, minmay_circle_x, uniq_pikel
D:5:      layout_basic, marbit_many_paths, uniq_eustachio, uniq_duvessa
D:6:      layout_layer_cave, minmay_temple_entry_junction
D:7:      layout_basic
D:8:      gammafunk_beogh_shrine, layout_cave_pools, lemuel_round_altar,
          enter_bailey_1, uniq_grum
D:9:      layout_loops_cross, gammafunk_ghost_cemetery, uniq_psyche
D:10:     layout_loops_corners, due_lair_maze_entry_diamond
D:11:     layout_rooms, orc_0_dummy
D:12:     layout_loops_ring, serial_shops, nicolae_take_the_stairs,
          nicolae_shop_hallway_plus
D:13:     lemuel_slime, layout_cave_pools, okawaru_trees_1
D:14:     minmay_the_grid_octo_tiled_squarecenter_mashed
          [minmay_the_grid_octo_pinwheel, minmay_the_grid_octo_concentric,
          minmay_the_grid_octo_toaster, minmay_the_grid_octo_empty,
          minmay_the_grid_square_5x5_megaprize_checkered,
          minmay_the_grid_square_5x5_percent,
          minmay_the_grid_square_5x5_n_small, minmay_the_grid_square_5x5_n,
          minmay_the_grid_square_5x5_two_small], layout_irregular_city,
          lightli_vaults_fourway_checkpoint, chequers_serial_rivers_micro_d,
          pf_eden
D:15:     grunt_enter_depths_hoard, layout_loops_ring, minmay_misc_feat_chi,
          uniq_louise, uniq_josephine
Temple:   bh_familiar_temple
Lair:1:   layout_regular_city, minmay_lair_oklob_bushes, lemuel_old_faithful,
          grunt_megastairs_1, serial_bayou_shore_a
Lair:2:   layout_gridlike, minmay_snake_entry_spellcaster, nicolae_lair_lindhole
Lair:3:   layout_chaotic_city, minmay_swamp_entry_swarm,
          maelrawn_ghost_gauntlet_escape
Lair:4:   layout_cave_pods, portal_ice_cave_entry_ice_simulacra,
          serial_bayou_lagoon_a, dreamdust_wasp_nest
Lair:5:   due_jungle_book, layout_misc_corridors, dpeg_slime_entry_corner,
          serial_bayou_pond_e
Swamp:1:  cheibrodos_swamp_monstrosity, layout_basic_swamp,
          nicolae_swamp_some_circles, swamp_pool2
Swamp:2:  layout_basic_swamp, serial_swamp_ruin, evilmike_swamp_ruin_rubble_1,
          evilmike_swamp_ruin_wall
Swamp:3:  layout_basic_swamp, hangedman_swamp_cone, infiniplex_staircase_pool
Swamp:4:  nzn_swamp_witches_coven, layout_basic_swamp
Snake:1:  layout_onion, st_stairs_3, grunt_megastairs_5, minmay_shop_grove
Snake:2:  layout_misc_corridors
Snake:3:  layout_misc_corridors
Snake:4:  grunt_snake_rune_serpentine_throne, layout_cave_town, serial_shops,
          nicolae_shop_hallway_stairs, shop, nicolae_shop_behind_doors,
          gammafunk_ghost_grave, uniq_vashnia
Slime:1:  layout_caves
Slime:2:  layout_caves, dissolution_awaits, uniq_dissolution
Slime:3:  layout_caves
Slime:4:  layout_caves
Slime:5
Orc:1:    layout_caves, nooodl_orcs_dogs
Orc:2:    grunt_orc_cross, layout_caves, basic_altar
Elf:1:    eino_elf_arrival_altar, layout_geoelf_octagon, serial_shops, shop,
          evilmike_minifort
Elf:2:    nicolae_elf_blades_splatter_lattice [nicolae_blade_little_rooms],
          layout_geoelf_octagon, nrook_mini_backslash
Elf:3:    grunt_elf_hall_asides, layout_geoelf_castle, serial_shops,
          shop_statue, nicolae_alphabet_shops
Vaults:1: nicolae_vaults_windows_and_doors_thing, ontoclasm_vaults_gateway,
          v_alt_pattern_2, ontoclasm_vaults_tryst, v_pattern_2,
          nicolae_vaults_rhombus_5, dpeg_vaults_monster_box, v_misc_17,
          vaults_mumra_hex, v_misc_30, layout_vaults_omnicross, uniq_saint_roka
Vaults:2: ontoclasm_vaults_twist, st_check, vaults_standard_mumra_lines,
          nicolae_vaults_hallways_thing, hangedman_vaults_stitches, v_misc_9,
          v_pattern_1, nicolae_vaults_specimen_jars,
          nicolae_vaults_little_squares_4, vaults_room_pools,
          vaults_dpeg_emergency_exit, vaults_dpeg_ring, layout_vaults_ring,
          serial_shops, nicolae_shop_stone
Vaults:3: minmay_crypt_entry_simple_box, v_misc_15, nicolae_vaults_shelves_hall,
          v_misc_17, hangedman_vaults_cutoff, v_alt_pattern_2,
          vaults_room_grunt_arrival_checkpoint, v_misc_30,
          vaults_room_ringed_pool, ontoclasm_vaults_loading_screen,
          vaults_room_hallway, layout_vaults_big_room
Vaults:4: v_misc_24, v_alt_pattern_2, nicolae_vaults_what_the_h,
          vaults_dpeg_doors, v_rooms_4, v_misc_32, ontoclasm_vaults_fault,
          ontoclasm_vaults_eye, nicolae_vaults_ring_of_whatevers,
          vaults_dpeg_spiral, layout_vaults_maze_snakey, uniq_margery
Vaults:5: serial_shops
Depths:1: minmay_chopped_fan, layout_gridlike, chequers_serial_rivers_large_b,
          nicolae_trove_entry_columns, lightli_too_deep, fedhas_altar_3,
          serial_bayou_shore_b, firewood_loft
Depths:2: hangedman_pleasuredromes, hell_entry, pan_entry
Depths:3: minmay_tearing_corner, layout_cave_shapes, enter_ziggurat_f,
          serial_shops, nicolae_shop_window_shopping, abyss_entry,
          hangedman_decor_points, hellmouth_1, drop_trap,
          nicolae_wu_jian_immortal_techniques, infiniplex_staircase_zigzag_4,
          minmay_shoptagon
Depths:4: grunt_zot_entry_pinwheel, layout_cave_pools, serial_shops,
          nicolae_shop_advertising_works [nicolae_subvault_shop_adworks],
          pan_entry, grunt_hell_entry_dis_old, serial_bayou_pond_d, nrook_uturn
Hell
Zot:1:    layout_cathedral_of_symmetry, hangedman_zot_decor_checkerboard,
          lemuel_baited_zot_trap, uniq_grunn
Zot:2:    kennysheep_blocky_room, layout_cellular_growth
Zot:3:    layout_misc_corridors
Zot:4:    layout_gridlike, nzn_random_ring
Zot:5:    layout_twisted_circle, hellmonk_ghost_happy_afterlife,
          nicolae_shop_clearance

Skill      XL: |  1  2  3  4  5  6  7  8  9 10 11 12 13 14 15 16 17 18 19 20 21 22 23 24 25 26 27 |
---------------+----------------------------------------------------------------------------------+-----
Fighting       | 3 4 5 6 8 9 10 11 13 15 17 19 20 22 23 | 23.1
Conjurations   | 3 4 5 6 7 8 10 15 16 | 16.3
Translocations | 1 |  1.5
Spellcasting   | 3 4 5 6 7 8 10 12 13 16 18 20 | 20.0
Poison Magic   | 1 2 3 5 6 7 9 10 | 10.4
Ice Magic      | 2 3 5 6 |  6.0
Air Magic      | 2 3 5 6 |  6.0
Transmutations | 3 6 8 9 11 | 11.0
Shields        | 5 9 10 | 10.0
Earth Magic    | 1 2 10 12 14 18 20 21 23 24 25 | 25.0
Necromancy     | 1 3 7 |  7.3
Dodging        | 4 7 11 19 | 19.4
Staves         | 6 11 12 | 12.5
Evocations     | 6 7 |  7.5
Polearms       | |  3.0
Armour         | |  0.9
Unarmed Combat | |  0.4

Action                   |  1- 3 |  4- 6 |  7- 9 | 10-12 | 13-15 | 16-18 | 19-21 | 22-24 | 25-27 || total
-------------------------+-------+-------+-------+-------+-------+-------+-------+-------+-------++-------
Melee: Spear             |   101 |     2 |       |       |       |       |       |       |       ||   103
       Punch             |     1 |     3 |     2 |     5 |     2 |       |       |       |       ||    13
       Trident           |       |   150 |   234 |   343 |   504 |    28 |       |       |       ||  1259
       Staff             |       |       |       |       |       |   120 |   203 |   158 |   269 ||   750
       Unarmed           |       |       |       |       |       |     3 |       |       |       ||     3
       Headbutt          |       |       |       |       |       |       |       |       |    90 ||    90
 Cast: Momentum Strike   |    12 |    22 |    18 |     1 |       |       |       |       |       ||    53
       Kiss of Death     |       |     2 |       |     2 |       |       |       |       |       ||     4
       Olgreb's Toxic Ra |       |       |    30 |    76 |    43 |       |       |       |       ||   149
       Freezing Cloud    |       |       |       |    51 |    84 |    12 |       |       |       ||   147
       Eringya's Noxious |       |       |       |     6 |    91 |   121 |    57 |     9 |    16 ||   300
       Irradiate         |       |       |       |       |    51 |    75 |    32 |    23 |    25 ||   206
       Iron Shot         |       |       |       |       |       |   151 |   147 |   174 |   223 ||   695
       Statue Form       |       |       |       |       |       |    76 |    36 |    29 |    26 ||   167
       Borgnjor's Vile C |       |       |       |       |       |    60 |    56 |    19 |       ||   135
       Shatter           |       |       |       |       |       |       |   133 |   222 |   177 ||   532
       Lee's Rapid Decon |       |       |       |       |       |       |       |     6 |    10 ||    16
       Ignite Poison     |       |       |       |       |       |       |       |     4 |    35 ||    39
       Dispel Undead     |       |       |       |       |       |       |       |       |     5 ||     5
       Apportation       |       |       |       |       |       |       |       |       |     1 ||     1
Evoke: Wand              |     2 |     5 |       |     7 |     2 |     2 |       |       |       ||    18
       Phial of floods   |       |       |       |       |       |     1 |       |       |       ||     1
  Use: Scroll            |     4 |     4 |     3 |    10 |    19 |     7 |     8 |     8 |    11 ||    74
       Potion            |       |       |     2 |     3 |     3 |     7 |    11 |     1 |    21 ||    48
 Stab: Distracted        |       |       |       |       |       |       |       |       |     1 ||     1
       Invisible         |       |       |       |       |       |       |       |       |     2 ||     2
Armor: Robe              |    20 |    61 |    96 |   150 |   188 |    38 |    67 |    39 |    32 ||   691
       Acid dragon scale |       |       |       |       |    13 |       |       |       |       ||    13
       Skin              |       |       |       |       |       |   458 |   411 |   280 |   205 ||  1354
Dodge: Dodged            |    34 |    74 |    89 |   191 |   183 |   301 |   228 |   186 |   269 ||  1555
Block: Other             |    11 |    50 |    38 |    98 |    20 |       |       |       |       ||   217
       Reflection        |       |     2 |       |     3 |    30 |    96 |    56 |     9 |    16 ||   212
       Kite shield       |       |       |       |       |   297 |   717 |   524 |   371 |   524 ||  2433

Table legend: (Time is in decaauts)
 A = Elapsed time spent in this place.
 B = Non-inter-level travel time spent in this place.
 C = Inter-level travel time spent in this place.
 D = Time resting spent in this place.
 E = Time spent auto-exploring this place.
 F = Levels seen in this place.
 G = Mean time per level.
                   A        B        C        D        E       F      G
               +--------+--------+--------+--------+--------+-----+--------+
         Total |  98439 |  92664 |   5775 |  13178 |  66013 |  62 | 1587.7 |
       Dungeon |  23739 |  21774 |   1965 |   2126 |  16397 |  15 | 1582.6 |
        Temple |    232 |    204 |     28 |      0 |    181 |   1 |  232.0 |
          Lair |   8641 |   7814 |    827 |    660 |   6333 |   5 | 1728.2 |
         Swamp |   9057 |   8716 |    341 |   1314 |   6308 |   4 | 2264.2 |
     Snake Pit |   9336 |   9009 |    327 |    335 |   7142 |   4 | 2334.0 |
    Slime Pits |   2280 |   2139 |    141 |    198 |   1406 |   5 |  456.0 |
  Orcish Mines |   3151 |   2903 |    248 |      4 |   2416 |   2 | 1575.5 |
   Elven Halls |   4661 |   4226 |    435 |     80 |   3602 |   3 | 1553.7 |
        Vaults |  13840 |  13099 |    741 |   2345 |   9102 |   5 | 2768.0 |
        Depths |  11715 |  11392 |    323 |   4592 |   5556 |   4 | 2928.8 |
          Hell |   1039 |   1026 |     13 |      0 |    860 |   1 | 1039.0 |
           Zot |   7852 |   7467 |    385 |   1508 |   4968 |   5 | 1570.4 |
         Abyss |   2028 |   2028 |      0 |     14 |   1067 |   6 |  338.0 |
        Bailey |    858 |    858 |      0 |      0 |    672 |   1 |  858.0 |
      Ice Cave |      2 |      2 |      0 |      0 |      0 |   1 |    2.0 |
               +--------+--------+--------+--------+--------+-----+--------+

Top non-repeatable levels by time:
Vaults:1: 4559 daAuts
    D:14: 3927 daAuts
 Swamp:4: 3385 daAuts
Depths:1: 3203 daAuts
 Snake:4: 3151 daAuts
Vaults:2: 3110 daAuts
Depths:3: 2964 daAuts
Depths:2: 2950 daAuts
Vaults:4: 2869 daAuts
    D:10: 2682 daAuts
Depths:4: 2597 daAuts
    D:15: 2550 daAuts
 Snake:1: 2471 daAuts
 Swamp:3: 2421 daAuts
 Swamp:1: 2412 daAuts
